 Dungeon Crawl Stone Soup version 0.23.2-1-ga50397a6bc (webtiles) character file.

Game seed: 14270184384121417779

567 Mrkan the Grappler (level 7, -2/66 HPs)
             Began as a Troll Monk on May 25, 2019.
             Was an Elder of Kikubaaqudgha.
             Slain by a bullfrog (5 damage)
             ... in a sewer.
             The game lasted 00:06:25 (2813 turns).

Mrkan the Grappler (Troll Monk)                     Turns: 2813, Time: 00:06:26

Health: -2/66      AC:  7    Str: 20    XL:     7   Next: 11%
Magic:  6/6        EV: 10    Int:  6    God:    Kikubaaqudgha [****..]
Gold:   168        SH:  0    Dex: 14    Spells: 6/6 levels left

rFire    . . .     SeeInvis .     - Unarmed
rCold    . . .     Gourm    +   (no shield)
rNeg     . . .     Faith    .   a - +0 robe
rPois    .         Spirit   .   (helmet restricted)
rElec    .         Reflect  .   k - +0 cloak
rCorr    .         Harm     .   (gloves unavailable)
MR       .....                  (boots unavailable)
Stlth    ++........             (no amulet)
HPRegen  0.61/turn              (no ring)
MPRegen  0.10/turn              (no ring)

@: lethally poisoned (-2 -> -2), very slow
A: large, unfitting armour, claws 3, fast metabolism 3, gourmand, regeneration
1, shaggy fur 1, tough skin 3
a: Receive Corpses, Renounce Religion


You were in a sewer.
You worshipped Kikubaaqudgha.
Kikubaaqudgha was greatly pleased with you.
You were completely stuffed.

You visited 1 branch of the dungeon, and saw 4 of its levels.
You also visited: Sewer.

You collected 168 gold pieces.

Inventory:

Missiles
 c - 233 stones (quivered)
Armour
 a - a +0 robe (worn)
 k - a +0 cloak (worn)
Jewellery
 q - an uncursed ring of flight {unknown}
Wands
 n - a wand of enslavement (10)
 r - a wand of flame (24)
Scrolls
 d - 6 scrolls of teleportation {unknown}
 f - 4 scrolls of identify {unknown}
 h - a scroll of amnesia {unknown}
 i - 2 scrolls of immolation {unknown}
 j - 4 scrolls of remove curse {unknown}
 m - a scroll of enchant armour {unknown}
 o - 2 scrolls of enchant weapon {unknown}
 p - a scroll of magic mapping {unknown}
 t - 2 scrolls of fog {unknown}
 u - a scroll of fear {unknown}
 w - 2 scrolls of blinking {unknown}
Potions
 e - 2 potions of lignification {unknown}
 g - 3 potions of magic {unknown}
 l - 2 potions of might {unknown}
 s - a potion of mutation {unknown}
 x - a potion of heal wounds {unknown}
 z - a potion of curing {unknown}
Comestibles
 b - 11 rations
 v - 6 chunks of flesh


   Skills:
 - Level 2.4 Fighting
 * Level 1.1 Throwing
 - Level 2.4 Dodging
 - Level 1.0 Stealth
 - Level 8.0 Unarmed Combat


You had 6 spell levels left.
You didn't know any spells.
Your spell library contained the following spells:

 Spells                   Type           Power        Failure   Level  Hunger
 Animate Skeleton         Necr           N/A          45%         1    ##.....
 Pain                     Necr           #...         45%         1    ##.....
 Sublimation of Blood     Necr           #.........   58%         2    ###....
 Regeneration             Chrm/Necr      #.........   83%         3    ####...
 Agony                    Necr           #.......     100%        5    ######.
 Borgnjor's Vile Clutch   Necr/Erth      #.........   100%        5    ######.
 Dispel Undead            Necr           #.......     100%        5    ######.
 Death Channel            Necr           #.........   100%        6    #######
 Simulacrum               Ice/Necr       #.........   100%        6    #######


Dungeon Overview and Level Annotations

Branches:
Dungeon (4/15)
 Temple: D:4-7

Altars:
Fedhas
Kikubaaqudgha
Makhleb
Xom
Zin


Innate Abilities, Weirdness & Mutations

You are too large for most types of armour.
You have claws for hands.
Your metabolism is lightning-fast.
You like to eat raw meat.
Your natural rate of healing is unusually fast.
You are covered in fur. (AC +1)
You have extremely tough skin. (AC +3)


Message History

* * * LOW HITPOINT WARNING * * *
The bullfrog hits you.
* * * LOW HITPOINT WARNING * * *
The bullfrog hits you.
* * * LOW HITPOINT WARNING * * *
The bullfrog closely misses you. The adder bites you but does no damage.
The ball python barely misses you.
The bullfrog snags a nearby mouse with its tongue.
The bullfrog hits you but does no damage.
The bullfrog barely misses you. The ball python closely misses you.
The bullfrog hits you but does no damage.
The bullfrog barely misses you. The bullfrog hits you.
* * * LOW HITPOINT WARNING * * *
The adder barely misses you. The ball python closely misses you.
The ball python misses you.
You feel sick. The adder bites you but does no damage. The bullfrog misses you.
The bullfrog closely misses you. The ball python closely misses you.
The adder bites you but does no damage. x2; The bullfrog hits you.
You die...
Kikubaaqudgha rasps: "You have failed me!
Welcome... death!"

#≈.≈≈≈≈# #≈≈≈≈≈≈#
#≈.≈≈≈≈# #≈≈≈≈≈##
#≈≈#≈≈≈# #≈≈.[≈≈#
#≈≈≈≈≈≈# #≈÷≈≈≈##
#≈≈≈≈≈≈# #≈≈≈≈≈≈#
#≈≈≈≈≈≈# #≈≈≈≈≈≈#
#≈≈≈S≈≈# #≈≈≈≈≈≈#
#≈SSFS≈# #≈≈≈≈≈≈#
#≈≈F@SS##### #≈≈≈†≈≈#
##≈≈≈≈###..# ##≈≈÷≈.#
#......##..###......#
##......##'##......##
#.........#.......#
##...............##
####.........####
####...#### #####


You could see 2 bullfrogs, 2 adders and 4 ball pythons.

Vanquished Creatures
  A centaur (D:4)
  A scorpion (D:4)
  A hound (D:4)
  An orc priest (D:3)
  Terence (D:3)
  Natasha (D:2)
  3 worker ants
  Robin (D:3)
  9 adders
  5 river rats
  5 oozes
  A leopard gecko (D:2)
  7 orcs (D:3)
  5 bats
  5 giant cockroaches
  15 goblins
  8 hobgoblins
  3 jackals (D:1)
  2 quokkas
  9 ball pythons
  6 frilled lizards
  4 kobolds
  28 rats
122 creatures vanquished.

Notes
Turn   | Place    | Note
-------+----------+-------------------------------------------
     0 | D:1      | Mrkan the Troll Monk began the quest for the Orb.
     0 | D:1      | Reached XP level 1. HP: 22/22 MP: 0/0
   201 | D:1      | Reached XP level 2. HP: 29/29 MP: 1/1
   507 | D:1      | Reached skill level 4 in Unarmed Combat
   605 | D:2      | Reached XP level 3. HP: 24/36 MP: 2/2
   715 | D:2      | Found an ancient bone altar of Kikubaaqudgha.
   732 | D:2      | Became a worshipper of Kikubaaqudgha
   732 | D:2      | Reached * piety under Kikubaaqudgha
   732 | D:2      | Identified Kikubaaqudgha's Papyrus of Unholy Secrets
                  | (Kikubaaqudgha gifted it to you on level 2 of the Dungeon)
   732 | D:2      | Received a gift from Kikubaaqudgha
   732 | D:2      | Reached ** piety under Kikubaaqudgha
   969 | D:2      | Found a burning altar of Makhleb.
  1068 | D:2      | Noticed Natasha
  1082 | D:2      | Killed Natasha
  1082 | D:2      | Reached skill level 5 in Unarmed Combat
  1082 | D:2      | Reached XP level 4. HP: 12/44 MP: 3/3
  1280 | D:3      | Noticed an angel
  1281 | D:3      | Found a glowing silver altar of Zin.
  1281 | D:3      | Found a shimmering altar of Xom.
  1305 | D:3      | Reached XP level 5. HP: 21/50 MP: 4/4
  1349 | D:3      | Noticed Terence
  1359 | D:3      | Killed Terence
  1359 | D:3      | Reached skill level 6 in Unarmed Combat
  1453 | D:3      | Identified the +0 helmet of Ashenzari's Reproof {rElec
                  | Int+4 Slay+3 Stlth+}
  1453 | D:3      | Noticed Robin
  1472 | D:3      | Killed Robin
  1902 | D:4      | Reached XP level 6. HP: 43/59 MP: 5/5
  1932 | D:4      | Found a blossoming altar of Fedhas.
  1947 | D:4      | Reached skill level 7 in Unarmed Combat
  2461 | D:4      | Reached *** piety under Kikubaaqudgha
  2461 | D:4      | Identified Kikubaaqudgha's Almanac of Stolen Souls
                  | (Kikubaaqudgha gifted it to you on level 4 of the Dungeon)
  2461 | D:4      | Received a gift from Kikubaaqudgha
  2473 | D:4      | Found a glowing drain.
  2477 | Sewer    | Entered a sewer
  2574 | Sewer    | Reached skill level 8 in Unarmed Combat
  2576 | Sewer    | Reached XP level 7. HP: 19/66 MP: 6/6
  2726 | Sewer    | Reached **** piety under Kikubaaqudgha
  2746 | Sewer    | Reached skill level 1 in Throwing
  2810 | Sewer    | HP: 3/66 [bullfrog (5)]
  2813 | Sewer    | Slain by a bullfrog

Skill      XL: |  1  2  3  4  5  6  7 |
---------------+----------------------+-----
Unarmed Combat | 4 5 6 8 |  8.0
Throwing       | 1 |  1.1
Fighting       | |  2.4
Dodging        | |  2.4
Stealth        | |  1.0

Action                   |  1- 3 |  4- 6 |  7- 9 || total
-------------------------+-------+-------+-------++-------
Melee: Unarmed           |    99 |   159 |    67 ||   325
       Punch             |     1 |     3 |     1 ||     5
 Stab: Sleeping          |     2 |     6 |       ||     8
  Eat: Chunk             |    15 |    14 |     3 ||    32
Armor: Robe              |    45 |    43 |    74 ||   162
Dodge: Dodged            |    57 |    92 |    99 ||   248
